 Dungeon Crawl Stone Soup version 0.22-a0-445-g8c8ef71 (webtiles) character file.

3205 tilp the Nimble (level 9, 0/69 HPs)
             Began as a Merfolk Ice Elementalist on June 2, 2018.
             Was a Believer of Makhleb.
             Slain by Snorg (4 damage)
             ... on level 10 of the Dungeon.
             The game lasted 00:30:29 (12154 turns).

tilp the Nimble (Merfolk Ice Elementalist)         Turns: 12154, Time: 00:30:30

Health: 0/69       AC:  7    Str:  8    XL:     9   Next: 96%
Magic:  9/13       EV: 17    Int: 17    God:    Makhleb [**....]
Gold:   488        SH:  0    Dex: 15    Spells: 2/12 levels left

rFire    . . .     SeeInvis .   z - +3 dagger (venom)
rCold    . . .     Gourm    .   (no shield)
rNeg     . . .     Faith    .   o - +0 robe
rPois    .         Spirit   .   (no helmet)
rElec    .         Reflect  .   t - +1 cloak
rCorr    .         Harm     .   u - +2 pair of gloves
MR       .....                  (no boots)
Stlth    ++........             (no amulet)
HPRegen  0.21/turn              (no ring)
MPRegen  0.13/turn              (no ring)

@: about to teleport, very slightly contaminated
A: change form in water, swift swim, stealthy swim
a: Minor Destruction, Renounce Religion


You were on level 10 of the Dungeon.
You worshipped Makhleb.
Makhleb was pleased with you.
You were not hungry.

You visited 2 branches of the dungeon, and saw 10 of its levels.
You also visited: Sewer and Bailey.

You collected 488 gold pieces.

Inventory:

Hand Weapons
 g - a +0 spear
 h - a +0 trident
 z - a +3 dagger of venom (weapon)
Missiles
 J - 41 tomahawks of returning (quivered)
Armour
 o - a +0 robe (worn)
 t - a +1 cloak (worn)
 u - a +2 pair of gloves (worn)
 y - a +0 troll leather armour {Purgy}
Magical Staves
 B - an uncursed staff of wizardry {unknown}
Jewellery
 k - an uncursed amulet of harm
 l - an uncursed ring of see invisible {unknown}
Wands
 b - a wand of flame (20)
 s - a wand of disintegration (14)
 D - a wand of paralysis (12)
 G - a wand of scattershot (6)
Scrolls
 d - a scroll of amnesia
 i - a scroll of blinking
 n - 9 scrolls of teleportation
 r - 7 scrolls of remove curse
 x - 5 scrolls of fog
 E - 2 scrolls of enchant weapon
 H - a scroll of acquirement {unknown}
Potions
 j - 2 potions of resistance
 m - 3 potions of curing
 p - 2 potions of lignification
 q - a potion of haste
 v - 3 potions of mutation
 w - 6 potions of flight
 A - a potion of might
 C - a potion of agility
 F - 3 potions of brilliance
Comestibles
 a - 9 chunks of flesh
 c - 8 rations


   Skills:
 - Level 6.3 Fighting
 - Level 8.1 Dodging
 - Level 2.1 Stealth
 - Level 2.0 Spellcasting
 - Level 2.4 Conjurations
 - Level 4.0 Charms
 + Level 7.7 Ice Magic
 - Level 6.2 Invocations
 - Level 4.0 Evocations


You had 2 spell levels left.
You knew the following spells:

 Your Spells              Type           Power        Failure   Level  Hunger
a - Freeze                Ice            ####         1%          1    #......
b - Throw Frost           Conj/Ice       ###...       3%          2    ###....
c - Ozocubu's Armour      Chrm/Ice       ###.....     5%          3    ###....
d - Throw Icicle          Conj/Ice       ###.....     24%         4    #####..

Your spell library contained the following spells:

 Spells                   Type           Power        Failure   Level  Hunger
 Bolt of Magma            Conj/Fire/Erth #.........   98%         5    ######.
 Venom Bolt               Conj/Pois      #.........   97%         5    ######.
 Summon Ice Beast         Ice/Summ       ##......     36%         4    #####..
 Sting                    Conj/Pois      #...         12%         1    #......
 Iron Shot                Conj/Erth      #.........   100%        6    #######
 Orb of Destruction       Conj           #.........   100%        7    #######
 Iskenderun's Battlesphe  Conj/Chrm      ##......     82%         5    ######.
 Spellforged Servitor     Conj/Summ      #.........   100%        7    #######


Dungeon Overview and Level Annotations

Branches:
Dungeon (8/15)             Temple (1/1) D:5
   Lair: D:8-11

Altars:
Ashenzari
Cheibriados
Dithmenos
Elyvilon
Fedhas
Gozag
Hepliaklqana
Kikubaaqudgha
Makhleb
Okawaru
Qazlal
Ru
Sif Muna
Trog
Uskayaw
Vehumet
Wu Jian
Xom
Yredelemnul
Zin
The Shining One

Annotations:
D:5 1 runed door, Blork the orc, Dowan
D:10 Fannar, Snorg


Message History

Aiming: Disintegrate
Press: ? - help, Shift-Dir - straight line, f - Snorg
Aim: Snorg (lightly wounded, berserk, fast, unusually strong, poisoned, chance to defeat MR: 49%) Snorg resists with some effort.
Snorg barely misses you. x3; Snorg bites you!!
Snorg closely misses you. Snorg claws you but does no damage.
Casting: Ozocubu's Armour (safe; 5% risk of failure)
Confirm with . or Enter, or press ? or * to list all spells.
Aiming: Freeze (safe; 1% risk of failure)
Press: ? - help, Shift-Dir - straight line, f/p - Snorg
Aim: Snorg (berserk, fast, unusually strong, poisoned)
You freeze Snorg.
Snorg is lightly wounded.
Snorg bites you! Snorg closely misses you. x2
Okay, then.
Okay, then.
As you read the scroll of teleportation, it crumbles to dust.
You feel strangely unstable. Snorg bites you!!
* * * LOW HITPOINT WARNING * * *
Snorg claws you.
You die...

####### .......
######+## .......
#>......# .......
#.......# .......###
#.......#
.........#####.......#
.......#...T@'..))...+
.......#######...)...#
$.....[ #...)...#
#####.# #.......# ..
#####+### #.# ..


You could see Snorg (berserk).

Vanquished Creatures
  A water moccasin (D:8)
  3 orc warriors
  2 sky beasts (D:7)
  3 ice beasts
  Purgy (D:3)
  6 ogres
  A black bear (D:8)
  A phantom (D:8)
  4 centaurs
  2 bullfrogs (D:7)
  A scorpion (D:8)
  3 wights (D:5)
  2 crimson imps
  A bullfrog zombie (D:6)
  A hound (D:5)
  A jelly (D:6)
  6 orc wizards
  2 orc priests (D:7)
  An iguana (D:7)
  2 merfolk sirens (Sewer)
  A worker ant (D:7)
  A merfolk avatar (Sewer)
  A killer bee zombie (D:7)
  2 hound skeletons
  A worker ant zombie (D:7)
  2 gnolls (Bailey)
  15 adders
  5 river rats
  2 shadow imps (D:5)
  An adder skeleton (D:4)
  6 worms
  A dart slug (D:4)
  5 leopard geckos
  22 orcs
  4 ball pythons (Sewer)
  6 bats
  5 giant cockroaches
  15 hobgoblins
  11 jackals
  23 kobolds
  13 quokkas
  7 frilled lizards
  6 goblins
  A leopard gecko zombie (D:8)
  A quokka skeleton (D:7)
  A quokka zombie (D:8)
  32 rats
234 creatures vanquished.

Vanquished Creatures (others)
  8 plants
8 creatures vanquished.

Grand Total: 242 creatures vanquished

Notes
Turn   | Place    | Note
-------+----------+-------------------------------------------
     0 | D:1      | tilp the Merfolk Ice Elementalist began the quest for the Orb.
     0 | D:1      | Reached XP level 1. HP: 13/13 MP: 3/3
   135 | D:1      | Reached XP level 2. HP: 5/19 MP: 0/5
  1512 | D:2      | Reached XP level 3. HP: 14/24 MP: 6/6
  2064 | D:2      | Learned a level 3 spell: Ozocubu's Armour
  2096 | D:2      | Learned a level 2 spell: Throw Frost
  2326 | D:2      | Found an iron altar of Okawaru.
  2459 | D:2      | Reached skill level 5 in Ice Magic
  3264 | D:3      | Reached XP level 4. HP: 27/30 MP: 4/7
  3765 | D:3      | Found a stormy altar of Qazlal.
  4242 | D:3      | Noticed Purgy
  4322 | D:3      | Killed Purgy
  4322 | D:3      | Reached XP level 5. HP: 13/35 MP: 1/8
  4965 | D:4      | Noticed a phantom
  5030 | D:4      | Noticed an ogre
  5040 | D:4      | Killed an ogre
  5040 | D:4      | Reached XP level 6. HP: 41/41 MP: 1/9
  5080 | D:4      | Reached skill level 1 in Fighting
  5194 | D:4      | Found a glowing drain.
  5275 | Sewer    | Entered a sewer
  5584 | Sewer    | Reached XP level 7. HP: 42/52 MP: 8/10
  5889 | Sewer    | Reached skill level 3 in Dodging
  6445 | D:4      | Reached skill level 4 in Dodging
  6951 | D:4      | Found a shattered altar of Ashenzari.
  7194 | D:5      | Entered Level 5 of the Dungeon
  7226 | D:5      | Found a white marble altar of Elyvilon.
  7235 | D:5      | Found a staircase to the Ecumenical Temple.
  7308 | D:5      | Reached skill level 5 in Dodging
  7626 | D:5      | Reached skill level 6 in Dodging
  7641 | D:5      | Reached XP level 8. HP: 17/60 MP: 2/11
  7801 | D:5      | Noticed Blork the orc
  7887 | Temple   | Entered the Ecumenical Temple
  7985 | Temple   | Became a worshipper of Makhleb the Destroyer
  8033 | D:5      | Reached skill level 7 in Dodging
  8211 | D:5      | Reached skill level 8 in Dodging
  8365 | D:5      | Noticed Dowan
  8570 | D:5      | Reached skill level 1 in Charms
  8589 | D:5      | Found a runed door.
  9029 | D:6      | Found a deep blue altar of Sif Muna.
  9176 | D:6      | Identified Sif Muna's Volume of Attacks
  9332 | D:6      | Found a hazy altar of Hepliaklqana.
  9332 | D:6      | Found a glowing golden altar of the Shining One.
  9575 | D:7      | Reached skill level 1 in Conjurations
  9764 | D:7      | Found a flagged portal.
  9901 | Bailey   | Entered a bailey
  9931 | Bailey   | Noticed an orc warlord
 10163 | Bailey   | Reached XP level 9. HP: 40/65 MP: 4/12
 10168 | Bailey   | Reached * piety under Makhleb
 10265 | Bailey   | Found a runed gate.
 10265 | Bailey   | Found a runed gate.
 10283 | Bailey   | Found a runed gate.
 10513 | D:7      | Reached skill level 5 in Invocations
 11299 | D:7      | Reached skill level 5 in Fighting
 11342 | D:8      | Found a glowing golden altar of the Shining One.
 11429 | D:8      | Learned a level 4 spell: Throw Icicle
 11564 | D:8      | Reached ** piety under Makhleb
 11704 | D:8      | Reached skill level 1 in Evocations
 12024 | D:8      | Found a shimmering altar of Xom.
 12033 | D:8      | You fall through a shaft for 2 floors!
 12033 | D:10     | Entered Level 10 of the Dungeon
 12033 | D:10     | Noticed Fannar
 12036 | D:10     | Noticed a two-headed ogre
 12143 | D:10     | Noticed Snorg
 12154 | D:10     | Slain by Snorg

Vault maps used:
D:1:      mrwooster_arrival_statue, minmay_tetromino_l2
D:2:      okawaru_gym_becter
D:3:      wad_woods_stonehenge, first_ration, minivault_25, minmay_fountain_box,
          uniq_purgy
D:4:      kennysheep_mini_moat, lightli_sewer_entry_pipes
D:5:      minmay_temple_entry_statues, basic_altar, uniq_menkaure, uniq_duvessa,
          uniq_blork_the_orc, uniq_crazy_yiuf_cottage
D:6:      minmay_opposing_rooms, led_sif_book,
          gammafunk_temple_overflow_elements
D:7:      enter_bailey_2, grunt_ministairs_2, mrwooster_statue_mirror
D:8:      lemuel_round_altar, the_bakery, tso_metal_star
D:10:     david_lair_shrubbed, small_statue_intersection, minmay_orc_keep,
          uniq_harold, uniq_snorg, uniq_fannar
Temple:   regret_index_temple_waves
Sewer:    sewer_sea
Bailey:   bailey_axe_bossmonster_kennysheep, bailey

Skill      XL: |  1  2  3  4  5  6  7  8  9 |
---------------+----------------------------+-----
Ice Magic      | 4 5 6 7 |  7.7
Fighting       | 3 4 6 |  6.3
Dodging        | 6 8 |  8.1
Charms         | 4 |  4.0
Conjurations   | 2 |  2.4
Invocations    | 3 6 |  6.2
Evocations     | 4 |  4.0
Stealth        | |  2.1
Spellcasting   | |  2.0

Action                   |  1- 3 |  4- 6 |  7- 9 || total
-------------------------+-------+-------+-------++-------
Melee: Short sword       |    18 |       |       ||    18
       Unarmed           |     1 |       |       ||     1
       Whip              |    41 |     7 |       ||    48
       Dagger            |    74 |   171 |   503 ||   748
       Tailslap          |       |     5 |     4 ||     9
Throw: Stone             |     3 |       |     1 ||     4
       Tomahawk          |       |       |     2 ||     2
 Cast: Freeze            |    41 |    33 |   102 ||   176
       Ozocubu's Armour  |     3 |     8 |    40 ||    51
       Throw Frost       |       |     3 |    37 ||    40
Evoke: Wand              |       |       |     2 ||     2
  Use: Scroll            |       |    11 |    12 ||    23
       Potion            |       |       |     5 ||     5
 Stab: Sleeping          |     3 |     7 |     8 ||    18
       Distracted        |       |     1 |     1 ||     2
  Eat: Chunk             |     8 |     6 |    17 ||    31
       Ration            |       |     1 |     4 ||     5
Armor: Robe              |    18 |    30 |   109 ||   157
       Skin              |       |       |    12 ||    12
Dodge: Dodged            |   101 |   116 |   448 ||   665

Table legend:
 A = Spawn XP
 B = Non-spawn XP
 C = Spawn XP percentage of total XP
 D = Spawn monster count
 E = Non-spawn monster count
 F = Spawn count percentage of total count
 G = Total turns spent on level
                    A         B        C        D         E        F      G
               +---------+---------+-------+---------+---------+-------+---------
         Total |       0 |    4579 |   0.0 |       0 |     234 |   0.0 | 12154
               +---------+---------+-------+---------+---------+-------+---------
           D:1 |       0 |      26 |   0.0 |       0 |      16 |   0.0 |  1396
           D:2 |       0 |      53 |   0.0 |       0 |      28 |   0.0 |  1802
           D:3 |       0 |     196 |   0.0 |       0 |      26 |   0.0 |  1799
           D:4 |       0 |     439 |   0.0 |       0 |      29 |   0.0 |  1125
           D:5 |       0 |     620 |   0.0 |       0 |      15 |   0.0 |  1587
           D:6 |       0 |     349 |   0.0 |       0 |       7 |   0.0 |   654
           D:7 |       0 |    1188 |   0.0 |       0 |      30 |   0.0 |  1214
           D:8 |       0 |    1087 |   0.0 |       0 |      17 |   0.0 |   712
          D:10 |       0 |      84 |   0.0 |       0 |       4 |   0.0 |   121
         Sewer |       0 |     205 |   0.0 |       0 |      38 |   0.0 |  1072
        Bailey |       0 |     332 |   0.0 |       0 |      24 |   0.0 |   552
               +---------+---------+-------+---------+---------+-------+---------
